 Dungeon Sprint DCSS version 0.31-a0-217-g58bb5d79cf (webtiles) character file.

Game seed: 14472244453362105426

252074 rocky1 the Conqueror (level 27, -8/409 HPs)
             Began as a Minotaur Gladiator on June 30, 2023.
             Was an Initiate of Gozag.
             Killed from afar by an orb of fire (11 damage)
             ... with a bolt of fire
             ... in the Dungeon (Sprint VI: "Thunderdome") on July 3, 2023.
             The game lasted 00:58:37 (5821 turns).

rocky1 the Conqueror (Minotaur Gladiator)           Turns: 5821, Time: 00:58:39

Health: -8/409     AC: 51    Str: 27    XL:     27
Magic:  42/42      EV: 30    Int:  6    God:    Gozag
Gold:   4307       SH: 33    Dex: 32    Spells: 44/59 levels left

rFire   + + .        w - +11 Screaming Sword {sonic wave}
rCold   + + .        R - +6 kite shield of Cagh {rPois Int-5 Dex+8 SInv}
rNeg    + . .        P - +12 gold dragon scales
rPois   +            (helmet unavailable)
rElec   +            I - +1 cloak "Vinozon" {Rampage rF+}
rCorr   +            u - +0 pair of gloves of Indestructible Music {-Cast Will+++ SInv}
SInv    +            K - +1 pair of boots of Veaxol {*Slow Will+ Regen+ Dex+3}
Will    +++++        H - amulet "Reseerap" {Reflect rElec rF+ Str-2 Dex+6 SH+5} Stlth
                     l - ring of the Leaping Enemy {rF- rCorr AC+4 Str+3 Slay+3}
HPRegen 1.68/turn    z - ring of Joocat {Wiz rC+ rN+ Will+}
MPRegen 0.28/turn

%: no teleportation, no spellcasting, slow self (1%), reflection, rampage,
wizardry (x1)
@: berserking, gold aura, studying Staves, unable to drink, very quick
A: horns 3, retaliatory headbutt, clever 1, wild magic 1, inability to drink
after injury 1, devolution 1
}: 7/15 runes: serpentine, barnacled, slimy, elven, silver, glowing, dark
a: Renounce Religion, Potion Petition, Call Merchant, Bribe Branch


You were in the Dungeon.
You worshipped Gozag.
Gozag was most pleased with you.
You visited 1 branch You collected 64609 gold pieces.
You spent 37368 gold pieces at shops.
You paid 22934 gold pieces to Gozag.

Inventory:

Hand Weapons
 a - a +0 hand crossbow
 b - a +9 heavy broad axe
 v - a +8 heavy broad axe
 w - the +11 Screaming Sword (weapon) {sonic wave}
   (You bought it in a shop in the Dungeon)
 C - a +3 eveningstar of freezing
Missiles
 e - 3 javelins
 r - a throwing net
 D - 7 silver javelins
Armour
 j - the +1 hat of Dithmenos {rCorr}
   (You bought it in a shop in the Dungeon)

   rCorr:     It protects you from acid and corrosion.
 u - the +0 pair of gloves of Indestructible Music (worn) {-Cast Will+++ SInv}
   (You bought it in a shop in the Dungeon)

   SInv:      It lets you see invisible.
   -Cast:     It prevents spellcasting.
   Will:      It greatly increases your willpower.
 I - the +1 cloak "Vinozon" (worn) {Rampage rF+}
   (You bought it in a shop in the Dungeon)

   rF:        It protects you from fire.
   Rampage:   It bestows one free step when moving towards enemies.
 J - the +1 buckler "Voffet" {Rampage rF+ Regen+}
   (You found it in the Dungeon)

   rF:        It protects you from fire.
   Regen:     It increases your rate of health regeneration.
   Rampage:   It bestows one free step when moving towards enemies.
 K - the +1 pair of boots of Veaxol (worn) {*Slow Will+ Regen+ Dex+3}
   (You bought it in a shop in the Dungeon)

   Dex:       It affects your dexterity (+3).
   Regen:     It increases your rate of health regeneration.
   *Slow:     It may slow you when you take damage.
   Will:      It increases your willpower.
 L - the +1 pair of gloves of Winter {rF- rN+ Will+ Regen+}
   (You bought it in a shop in the Dungeon)

   rF:        It makes you vulnerable to fire.
   rN:        It protects you from negative energy.
   Regen:     It increases your rate of health regeneration.
   Will:      It increases your willpower.
 N - the +0 kite shield of Privacy {Str+2 Int+4}
   (You bought it in a shop in the Dungeon)

   Str:       It affects your strength (+2).
   Int:       It affects your intelligence (+4).
 O - the +3 buckler of Insecurity {rPois Will+ Stlth+}
   (You bought it in a shop in the Dungeon)

   rPois:     It protects you from poison.
   Will:      It increases your willpower.
   Stlth:     It makes you more stealthy.
 P - +12 gold dragon scales (worn)
 R - the +6 kite shield of Cagh (worn) {rPois Int-5 Dex+8 SInv}
   (You bought it in a shop in the Dungeon)

   Int:       It affects your intelligence (-5).
   Dex:       It affects your dexterity (+8).
   rPois:     It protects you from poison.
   SInv:      It lets you see invisible.
 S - the +4 dragonskin cloak
   (You took it off Tiamat in the Dungeon)

   Avatar's Aegis: It grants the wearer a chance to resist fire, cold, poison,
   electricity, acid, and negative energy.
 U - the +2 pair of boots of Protective Custody {Str+7}
   (You found it in the Dungeon)

   Str:       It affects your strength (+7).
Jewellery
 l - the ring of the Leaping Enemy (left hand) {rF- rCorr AC+4 Str+3 Slay+3}
   (You bought it in a shop in the Dungeon)

   [ring of protection]

   AC:        It affects your AC (+4).
   Str:       It affects your strength (+3).
   Slay:      It affects your accuracy & damage with ranged weapons and melee
   (+3).
   rF:        It makes you vulnerable to fire.
   rCorr:     It protects you from acid and corrosion.
 n - the amulet of Generosity {Spirit rElec rF+}
   (You bought it in a shop in the Dungeon)

   [amulet of guardian spirit]

   It causes incoming damage to be divided between your reserves of health and
   magic.
   rF:        It protects you from fire.
   rElec:     It insulates you from electricity.
 x - the ring "Gephat" {Wiz rC+}
   (You bought it in a shop in the Dungeon)

   [ring of wizardry]

   It improves your spell success rate.
   rC:        It protects you from cold.
 z - the ring of Joocat (right hand) {Wiz rC+ rN+ Will+}
   (You bought it in a shop in the Dungeon)

   [ring of wizardry]

   It improves your spell success rate.
   rC:        It protects you from cold.
   rN:        It protects you from negative energy.
   Will:      It increases your willpower.
 F - the ring "Ilerifeb" {rF+ Will++}
   (You bought it in a shop in the Dungeon)

   [ring of protection from fire]

   rF:        It protects you from fire.
   Will:      It greatly increases your willpower.
 H - the amulet "Reseerap" (around neck) {Reflect rElec rF+ Str-2 Dex+6 SH+5}
   (You bought it in a shop in the Dungeon)

   [amulet of reflection]

   It reflects blocked missile attacks.
   Str:       It affects your strength (-2).
   Dex:       It affects your dexterity (+6).
   rF:        It protects you from fire.
   rElec:     It insulates you from electricity.
   SH:        It affects your SH (+5).
Scrolls
 k - 27 scrolls of blinking
 m - a scroll of fear
 o - 10 scrolls of fog
 y - 4 scrolls of enchant armour
 A - 7 scrolls of silence
Potions
 f - 23 potions of curing
 g - 41 potions of heal wounds
 h - 33 potions of haste
 i - 2 potions of magic
 p - 16 potions of mutation
 q - 22 potions of resistance
 s - 12 potions of might
 t - 5 potions of attraction
 B - a potion of enlightenment
 E - a potion of lignification {unknown}
Miscellaneous
 c - a box of beasts
 d - a phial of floods
 G - a quad damage
 M - a quad damage
 Q - a quad damage


   Skills:
 O Level 27 Fighting
 O Level 27 Long Blades
 O Level 27 Axes
 - Level 4.7 Throwing
 O Level 27 Armour
 O Level 27 Dodging
 - Level 0.2 Stealth
 O Level 27 Shields
 + Level 16.7 Spellcasting
 + Level 21.3 Evocations


You had 44 spell levels left.
You knew the following spells:

 Your Spells              Type           Power      Damage    Failure   Level
a - Lehudib's Crystal Sp  Conj/Erth      3%         10d2      100%        8
b - Spellforged Servitor  Conj/Summ      3%         N/A       100%        7

Your spell library contained the following spells:

 Spells                   Type           Power      Damage    Failure   Level
 Magic Dart               Conj           24%        1d4       28%         1
 Blink                    Tloc           12%        N/A       38%         2
 Call Imp                 Summ           12%        N/A       38%         2
 Ensorcelled Hibernation  Hex/Ice        12%        N/A       38%         2
 Lesser Beckoning         Tloc           12%        N/A       38%         2
 Momentum Strike          Conj/Tloc      12%        3d8       38%         2
 Passwall                 Tmut/Erth      5%         N/A       38%         2
 Gell's Gravitas          Tloc           6%         N/A       58%         3
 Mephitic Cloud           Conj/Pois/Air  6%         N/A       58%         3
 Ozocubu's Armour         Ice            6%         N/A       58%         3
 Swiftness                Air            6%         N/A       58%         3
 Teleport Other           Tloc           6%         N/A       58%         3
 Volatile Blastmotes      Fire/Tloc      12%        2d11      58%         3
 Anguish                  Hex/Necr       3%         N/A       92%         4
 Cause Fear               Hex            3%         N/A       92%         4
 Fulminant Prism          Conj/Hex       3%         3d5       92%         4
 Iskenderun's Mystic Bla  Conj/Tloc      6%         2d4       92%         4
 Leda's Liquefaction      Hex/Erth       3%         N/A       92%         4
 Passage of Golubria      Tloc           6%         N/A       92%         4
 Iskenderun's Battlesphe  Conj           6%         2d6       99%         5
 Lee's Rapid Deconstruct  Erth           3%         3d5*      99%         5
 Silence                  Hex/Air        3%         N/A       99%         5
 Summon Forest            Summ/Tloc      3%         N/A       99%         5
 Summon Mana Viper        Hex/Summ       6%         N/A       99%         5
 Conjure Ball Lightning   Conj/Air       3%         3x3d6     100%        6
 Leda's Unmaking          Conj/Erth      3%         9d1       100%        6
 Statue Form              Tmut/Erth      4%         N/A       100%        6
 Summon Cactus Giant      Summ           3%         N/A       100%        6
 Enfeeble                 Hex            3%         N/A       100%        7
 Haunt                    Necr/Summ      3%         N/A       100%        7
 Malign Gateway           Summ/Tloc      3%         N/A       100%        7
 Ozocubu's Refrigeration  Ice            3%         4d8       100%        7
 Storm Form               Tmut/Air       3%         N/A       100%        7
 Borgnjor's Revivificati  Necr           3%         N/A       100%        8
 Discord                  Hex            3%         N/A       100%        8
 Disjunction              Tloc           3%         N/A       100%        8
 Infestation              Necr           3%         N/A       100%        8
 Maxwell's Capacitive Co  Air            3%         ∞         100%        8
 Necromutation            Tmut/Necr      3%         N/A       100%        8
 Summon Horrible Things   Summ           3%         N/A       100%        8
 Chain Lightning          Conj/Air       3%         3d4       100%        9
 Death's Door             Necr           3%         N/A       100%        9
 Fire Storm               Conj/Fire      3%         8d1       100%        9
 Shatter                  Erth           3%         3d7*      100%        9
 Animate Dead             Necr           Unusable   N/A       N/A         4

Dungeon Overview and Level Annotations

Branches:
Dungeon (1/1)

Altars:
Cheibriados
Dithmenos
Fedhas
Gozag
Kikubaaqudgha
Makhleb
Okawaru
Qazlal
Ru
Sif Muna
Trog
Uskayaw
Vehumet
Wu Jian
Xom
Yredelemnul
Zin
The Shining One
Lugonu

Shops:
D [?!?*?[[[***[(*(!(([(([!!


Innate Abilities, Weirdness & Mutations

You have a pair of large horns on your head.
You reflexively headbutt those who attack you in melee.
Your mind is acute. (Int +4, Str/Dex -1)
Your spells are a little harder to cast, but a little more powerful.
You occasionally lose the ability to drink potions when taking damage.
You have hidden genetic defects.


Message History

The bolt of fire hits the sun demon.
The sun demon completely resists.
The bolt of fire misses you.
The bolt of fire hits the orb of fire.
The orb of fire completely resists.
The bolt of fire hits the sun demon.
The sun demon completely resists.
The sun demon is no longer distracted by gold.
You barely miss the orb of fire.
The orb of fire is heavily damaged.
An orb of fire comes into view.
The Brimstone Fiend calls on the powers of darkness!
Your body is wracked with pain!
* * * LOW HITPOINT WARNING * * *
The orb of fire glows deep purple.
The fireball explodes!
The fireball engulfs you but does no damage.
The fireball engulfs the orb of fire.
The orb of fire completely resists.
The fireball engulfs the sun demon.
The sun demon completely resists.
The fireball engulfs the Brimstone Fiend.
The Brimstone Fiend completely resists.
You open the orb of fire like a pillowcase!!!!
You destroy the orb of fire!
You block the sun demon's attack.
You have mastered Long Blades!
Your Evocations skill increases to level 21!
You chop the sun demon into pieces!!!
You kill the sun demon!
An orb of fire comes into view.
The orb of fire glows bright magenta.
The fireball explodes!
The fireball engulfs the sun demon.
The sun demon completely resists.
The fireball engulfs you! You resist.
* * * LOW HITPOINT WARNING * * *
You block the Brimstone Fiend's attack. x2
The Brimstone Fiend hits you but does no damage.
You slash the Brimstone Fiend! You headbutt the Brimstone Fiend!
The Brimstone Fiend is moderately wounded.
The sun demon is distracted by your dazzling golden aura. x2
You block the sun demon's attack.
The orb of fire glows yellow.
The bolt of fire hits you! You resist.
You die...
Your body crumbles into a pile of gold.

#.)...# ##.....##
##∩1*.$.∩## #∩.......∩#
#..3[$(.._# #_[*$...._#
#.)[)..)._# ###3[.[*....###
#⌠@..[."*).[.§#
######$81[).[)(.[8*#####
##.___23[2.[###.(.([.)__∩
###∩...3.1..8[# #.8.().)...
##.....).[...[)###[..[[.(∩..
#⌠)).)......###)..###[[.[[..
#⌠))))).))[)# #.0∩###[.[)..)
#⌠.....|.)[.###[.∩##.[......
##..[...[).∩).)###.....).[..


You could see 4 orbs of fire, 3 Brimstone Fiends, 4 sun demons and 2 hellions.

Vanquished Creatures
  Mara (D)
  Gloorx Vloq (D)
  Mnoleg (D)
  An orb of fire (D)
  Tiamat (D)
  A deep elf elementalist (D)
  2 shard shrikes (shapeshifter) (D)
  A Killer Klown (D)
  A caustic shrike (shapeshifter) (D)
  A golden dragon (D)
  2 golden dragons (shapeshifter) (D)
  An electric golem (D)
  11 Orb Guardians (D)
  3 acid blobs (D)
  2 titans (shapeshifter) (D)
  An acid blob (shapeshifter) (D)
  A death cob (D)
  4 sphinxes (D)
  5 Executioners (D)
  An eldritch tentacle (D)
  3 rockslimes (shapeshifter) (D)
  A draconian monk (D)
  2 draconian knights (D)
  A shadow dragon (shapeshifter) (D)
  A merfolk avatar (D)
  A rockslime (D)
  A ghost moth (shapeshifter) (D)
  2 emperor scorpions (D)
  An iron dragon (shapeshifter) (D)
  3 draconian scorchers (D)
  3 ghost moths (D)
  A draconian shifter (D)
  3 draconian stormcallers (D)
  A draconian annihilator (D)
  4 orc warlords (D)
  A ghoul (D)
  A quicksilver ooze (D)
  2 lorocyprocas (D)
  4 spriggan defenders (D)
  12 stone giants (D)
  A black draconian (D)
  3 white draconians (D)
  2 purple draconians (D)
  2 dire elephants (D)
  4 deep elf death magi (D)
  4 eidola (D)
  4 merfolk javelineers (D)
  18 ettins (D)
  7 green deaths (D)
  5 merfolk impalers (D)
  A shambling mangrove (D)
  A spriggan air mage (D)
  8 hydras (D)
  5 ogre magi (D)
  21 catoblepae (D)
  3 centaur warriors (D)
  4 merfolk aquamancers (D)
  An alligator snapping turtle (D)
  5 death knights (D)
  A demonic crawler (D)
  A death yak (D)
  3 vampire magi (D)
  A deep elf knight (D)
  4 spriggans (D)
  3 orc high priests (D)
  5 spriggan berserkers (D)
  A fire crab (shapeshifter) (D)
  3 sun demons (D)
  2 shadow wraiths (D)
  2 iron trolls (D)
  Aizul (D)
  7 orb spiders (D)
  3 swamp dragons (D)
  3 bog bodies (D)
  A harpy (shapeshifter) (D)
  A phantasmal warrior (D)
  A lindwurm (D)
  4 orc knights (D)
  A shining eye (D)
  3 wolf spiders (D)
  An orc sorcerer (D)
  A cyclops (D)
  A manticore (D)
  A guardian serpent (shapeshifter) (D)
  16 moths of wrath (D)
  4 naga magi (D)
  2 cane toads (D)
  A rime drake (D)
  A hellion (D)
  A dryad (D)
  2 guardian mummies (D)
  A meliai (shapeshifter) (D)
  A tarantella (D)
  6 hornets (D)
  A troll (D)
  A wind drake (D)
  A blink frog (shapeshifter) (D)
  A snapping turtle (D)
  A dream sheep (D)
  4 slime creatures (D)
  A wyvern (shapeshifter) (D)
  4 wraiths (D)
  A wyvern (D)
  9 neqoxecs (D)
  Grum (D)
  5 floating eyes (D)
  A water moccasin (D)
  2 orc warriors (D)
  A sky beast (shapeshifter) (D)
  An ogre (D)
  5 wolves (D)
  6 centaurs (D)
  3 gnoll sergeants (D)
  5 necrophages (D)
  An orc priest (D)
  4 gnoll boudas (D)
  2 orc wizards (D)
  8 mummies (D)
  4 gnolls (D)
352 creatures vanquished.

Vanquished Creatures (others)
  A thorn hunter (D)
  A fire giant (D)
  A butterfly (D)
3 creatures vanquished.

Grand Total: 355 creatures vanquished

Notes
Turn   | Place    | Note
-------+----------+-------------------------------------------
     0 | D        | rocky1 the Minotaur Gladiator began the quest for the Orb.
     0 | D        | Reached XP level 1. HP: 18/18 MP: 0/0
     3 | D        | Found an opulent altar of Gozag.
     4 | D        | Found a stormy altar of Qazlal.
     4 | D        | Found a bloodstained altar of Trog.
     5 | D        | Found an iron altar of Okawaru.
     5 | D        | Round 1.
     6 | D        | Found a blossoming altar of Fedhas.
     6 | D        | Found a hide-covered altar of Uskayaw.
     6 | D        | Found Zuab's Premium Goods.
     6 | D        | Found Utzud's Weapon Rack.
     7 | D        | Found Nim Buho's Miscellaneous Merchandise.
     7 | D        | Found Sogeis's Basic Armour.
     8 | D        | Found an ancient bone altar of Kikubaaqudgha.
    11 | D        | Became a worshipper of Gozag Ym Sagoz the Greedy
    13 | D        | Noticed a gnoll bouda
    14 | D        | Found Muurao's Identification Station.
    15 | D        | Found Onuidyx's Advanced Armour.
    15 | D        | Found Ubeqec's Jewellery.
    17 | D        | Killed a gnoll bouda
    18 | D        | Reached skill level 5 in Axes
    18 | D        | Reached skill level 5 in Dodging
    18 | D        | Reached XP level 2. HP: 26/26 MP: 1/1
    18 | D        | Reached XP level 3. HP: 31/31 MP: 2/2
    18 | D        | Found a burning altar of Makhleb.
    18 | D        | Found a basalt altar of Yredelemnul.
    18 | D        | Found a glowing golden altar of the Shining One.
    25 | D        | Found a corrupted altar of Lugonu.
    27 | D        | Found Xoclaepn's Magic Scroll Shop.
    29 | D        | Found a snail-covered altar of Cheibriados.
    29 | D        | Found a shadowy altar of Dithmenos.
    29 | D        | Found a sacrificial altar of Ru.
    29 | D        | Found Plog's Staff Store.
    29 | D        | Found Naasyt's Magic Scroll Shop.
    29 | D        | Found Qauwycvi's Must-Have Magic.
    38 | D        | Noticed a gnoll sergeant
    43 | D        | Reached XP level 4. HP: 26/40 MP: 3/3
    43 | D        | Killed a gnoll sergeant
    44 | D        | Reached XP level 5. HP: 30/47 MP: 4/4
    50 | D        | Arena points: 12 (+12) [x2]
   104 | D        | Round 2.
   123 | D        | Reached skill level 5 in Fighting
   123 | D        | Reached skill level 1 in Evocations
   172 | D        | Reached skill level 1 in Armour
   174 | D        | Reached XP level 6. HP: 51/57 MP: 5/5
   224 | D        | Arena points: 54 (+42) [x3]
   225 | D        | Reached skill level 10 in Axes
   225 | D        | Reached skill level 1 in Shields
   244 | D        | Bought a twisted buckler for 332 gold pieces
   244 | D        | Identified the +0 buckler of Unreason {Will+} (You bought
                  | it in a shop in the Dungeon)
   244 | D        | Bought a spiked hat for 315 gold pieces
   244 | D        | Identified the +1 hat of Dithmenos {rCorr} (You bought it
                  | in a shop in the Dungeon)
   284 | D        | Round 3.
   312 | D        | Reached XP level 7. HP: 34/68 MP: 6/6
   328 | D        | Reached skill level 5 in Armour
   340 | D        | Noticed Grum
   345 | D        | Killed Grum
   351 | D        | Arena points: 138 (+84) [x4]
   363 | D        | Found a shimmering blue altar of Sif Muna.
   365 | D        | Found an ornate altar of the Wu Jian Council.
   368 | D        | Found Qimyejon's Distillery.
   369 | D        | Found Nasy's Distillery.
   369 | D        | Found Monnyokk's Bottled Wisdom.
   370 | D        | Found a glowing silver altar of Zin.
   370 | D        | Found a shimmering altar of Xom.
   370 | D        | Found a radiant altar of Vehumet.
   370 | D        | Found Timall's Do-It-Yourself Clinic.
   384 | D        | Bought 4 potions of curing for 84 gold pieces
   384 | D        | Bought 3 potions of heal wounds for 105 gold pieces
   384 | D        | Bought 4 potions of curing for 84 gold pieces
   384 | D        | Bought 3 potions of heal wounds for 105 gold pieces
   392 | D        | Bought 6 potions of might for 168 gold pieces
   392 | D        | Bought 3 potions of haste for 210 gold pieces
   418 | D        | Round 4.
   427 | D        | Noticed a cyclops
   433 | D        | Noticed an orc knight
   440 | D        | Killed a cyclops
   441 | D        | Reached skill level 10 in Fighting
   441 | D        | Reached XP level 8. HP: 37/79 MP: 7/7
   453 | D        | Killed an orc knight
   454 | D        | Reached skill level 10 in Dodging
   454 | D        | Noticed a troll
   464 | D        | Killed a troll
   476 | D        | Noticed an orc sorcerer
   485 | D        | Killed an orc sorcerer
   486 | D        | Reached skill level 15 in Axes
   486 | D        | Reached skill level 5 in Shields
   486 | D        | Reached XP level 9. HP: 23/90 MP: 8/8
   497 | D        | Noticed an orc knight
   521 | D        | Killed an orc knight
   521 | D        | Arena points: 298 (+160) [x5]
   522 | D        | Reached skill level 10 in Armour
   556 | D        | Bought 3 potions of heal wounds for 105 gold pieces
   556 | D        | Bought 3 potions of heal wounds for 105 gold pieces
   556 | D        | Bought 3 potions of heal wounds for 105 gold pieces
   556 | D        | Bought 3 potions of heal wounds for 105 gold pieces
   568 | D        | Round 5.
   572 | D        | Noticed Aizul
   593 | D        | Killed Aizul
   593 | D        | Arena points: 578 (+280) [x7]
   597 | D        | Got a serpentine rune of Zot
   614 | D        | Bought an ancient platinum ring for 45 gold pieces
   614 | D        | Identified the ring of the Leaping Enemy {rF- rCorr AC+4
                  | Str+3 Slay+3} (You bought it in a shop in the Dungeon)
   614 | D        | Bought a bound bronze amulet for 45 gold pieces
   614 | D        | Identified the amulet of Generosity {Spirit rElec rF+} (You
                  | bought it in a shop in the Dungeon)
   614 | D        | Bought a brightly glowing granite ring for 45 gold pieces
   614 | D        | Identified the ring "Ekunomet" {rElec Dex+6} (You bought it
                  | in a shop in the Dungeon)
   614 | D        | Bought an ancient bronze amulet for 45 gold pieces
   614 | D        | Identified the amulet "Enoorask" {Faith Dex+2} (You bought
                  | it in a shop in the Dungeon)
   627 | D        | Bought a pair of distressingly furry gloves for 332 gold
                  | pieces
   627 | D        | Identified the +0 pair of gloves of Indestructible Music
                  | {-Cast Will+++ SInv} (You bought it in a shop in the
                  | Dungeon)
   676 | D        | Bought a +0 broad axe for 120 gold pieces
   792 | D        | Round 6.
   795 | D        | Reached XP level 10. HP: 101/101 MP: 9/9
   805 | D        | Noticed a harpy
   811 | D        | Killed a harpy
   901 | D        | a shapeshifter changed into an entropy weaver
   901 | D        | Noticed an entropy weaver (shapeshifter)
   908 | D        | an entropy weaver changed into a meliai
   914 | D        | Noticed a black mamba
   915 | D        | a black mamba changed into a fire crab
   915 | D        | Noticed a fire crab (shapeshifter)
   934 | D        | Killed a fire crab
   935 | D        | Reached XP level 11. HP: 53/110 MP: 2/10
   965 | D        | Arena points: 962 (+384) [x8]
   988 | D        | Round 7.
  1018 | D        | Bought 8 scrolls of enchant weapon for 600 gold pieces
  1018 | D        | Bought a scroll of brand weapon for 95 gold pieces
  1023 | D        | Noticed an eidolon
  1031 | D        | Killed an eidolon
  1108 | D        | Noticed an eidolon
  1111 | D        | Noticed an eidolon
  1118 | D        | Killed an eidolon
  1118 | D        | Noticed a phantasmal warrior
  1119 | D        | Reached skill level 15 in Fighting
  1130 | D        | Killed an eidolon
  1131 | D        | Killed a phantasmal warrior
  1133 | D        | Noticed an eidolon
  1134 | D        | Reached skill level 15 in Armour
  1143 | D        | Killed an eidolon
  1143 | D        | Arena points: 1592 (+630) [x9]
  1172 | D        | Round 8.
  1175 | D        | Bought a twitching tin amulet for 45 gold pieces
  1175 | D        | Identified the amulet "Gaorif" {Spirit rC+} (You bought it
                  | in a shop in the Dungeon)
  1175 | D        | Bought a warped lapis lazuli ring for 45 gold pieces
  1175 | D        | Identified the ring "Fiubrel" {Ice rCorr Str+3 Dex-5
                  | Slay+3} (You bought it in a shop in the Dungeon)
  1175 | D        | Bought a translucent gossamer ring for 45 gold pieces
  1175 | D        | Identified the ring "Gephat" {Wiz rC+} (You bought it in a
                  | shop in the Dungeon)
  1175 | D        | Bought a translucent brass ring for 45 gold pieces
  1175 | D        | Identified the ring "Piamirho" {Ice Str+2 Int+4 Stlth-}
                  | (You bought it in a shop in the Dungeon)
  1175 | D        | Bought a brightly glowing tin ring for 45 gold pieces
  1175 | D        | Identified the ring of Joocat {Wiz rC+ rN+ Will+} (You
                  | bought it in a shop in the Dungeon)
  1175 | D        | Bought an ancient bone ring for 45 gold pieces
  1175 | D        | Identified the ring of the Devil's Team {rC+ Will+ Str-5
                  | Int+2} (You bought it in a shop in the Dungeon)
  1175 | D        | Bought a coiled lead ring for 45 gold pieces
  1175 | D        | Identified the ring "Gymecar" {rN+ rCorr Str-5 Int+3} (You
                  | bought it in a shop in the Dungeon)
  1175 | D        | Bought a fine diamond amulet for 45 gold pieces
  1175 | D        | Identified the amulet of the Firefly {rF- rN++ Regen+
                  | Stlth+} (You bought it in a shop in the Dungeon)
  1175 | D        | Bought a fine silver ring for 45 gold pieces
  1175 | D        | Identified the ring of Tobeorr {Str+3 SInv} (You bought it
                  | in a shop in the Dungeon)
  1175 | D        | Bought a pitted marble ring for 45 gold pieces
  1175 | D        | Identified the ring "Mes Motu" {Fire rCorr Str-3 SInv} (You
                  | bought it in a shop in the Dungeon)
  1175 | D        | Bought a glittering amber ring for 45 gold pieces
  1175 | D        | Identified the ring "Ilerifeb" {rF+ Will++} (You bought it
                  | in a shop in the Dungeon)
  1175 | D        | Bought a heavily runed iron amulet for 45 gold pieces
  1175 | D        | Identified the amulet "Aschokas" {Harm Fragile Will+ Regen+
                  | Int+3} (You bought it in a shop in the Dungeon)
  1175 | D        | Bought a coiled sapphire amulet for 45 gold pieces
  1175 | D        | Identified the amulet "Reseerap" {Reflect rElec rF+ Str-2
                  | Dex+6 SH+5} (You bought it in a shop in the Dungeon)
  1188 | D        | Noticed a centaur warrior
  1195 | D        | Killed a centaur warrior
  1204 | D        | Noticed a centaur warrior
  1213 | D        | Killed a centaur warrior
  1226 | D        | Bought a dazzling cloak for 332 gold pieces
  1226 | D        | Identified the +1 cloak "Vinozon" {Rampage rF+} (You bought
                  | it in a shop in the Dungeon)
  1226 | D        | Bought a pair of steaming boots for 332 gold pieces
  1226 | D        | Identified the +0 pair of boots "Sihi" {Harm *Corrode rElec
                  | rN+} (You bought it in a shop in the Dungeon)
  1226 | D        | Bought a pair of ichor-stained boots for 332 gold pieces
  1226 | D        | Identified the +1 pair of boots of Veaxol {*Slow Will+
                  | Regen+ Dex+3} (You bought it in a shop in the Dungeon)
  1226 | D        | Bought a pair of glimmering gloves for 332 gold pieces
  1226 | D        | Identified the +1 pair of gloves of Winter {rF- rN+ Will+
                  | Regen+} (You bought it in a shop in the Dungeon)
  1291 | D        | Noticed a centaur warrior
  1296 | D        | Killed a centaur warrior
  1302 | D        | Arena points: 2392 (+800) [x10]
  1345 | D        | Bought a distressingly furry cloak for 332 gold pieces
  1345 | D        | Identified the +2 cloak "Bierual" {rCorr} (You bought it in
                  | a shop in the Dungeon)
  1345 | D        | Bought a faintly humming kite shield for 332 gold pieces
  1345 | D        | Identified the +0 kite shield of Privacy {Str+2 Int+4} (You
                  | bought it in a shop in the Dungeon)
  1345 | D        | Bought a heavily runed buckler for 332 gold pieces
  1345 | D        | Identified the +3 buckler of Insecurity {rPois Will+
                  | Stlth+} (You bought it in a shop in the Dungeon)
  1363 | D        | Round 9.
  1372 | D        | Reached skill level 10 in Shields
  1374 | D        | Gained mutation: Your spells are a little easier to cast,
                  | but a little less powerful. [a neqoxec]
  1376 | D        | Reached XP level 12. HP: 110/124 MP: 11/11
  1380 | D        | Arena points: 3382 (+990) [x11]
  1443 | D        | Round 10.
  1445 | D        | Noticed a dimme
  1465 | D        | Killed a dimme
  1465 | D        | Arena points: 4682 (+1300) [x13]
  1469 | D        | Got a barnacled rune of Zot
  1474 | D        | Reached XP level 13. HP: 131/132 MP: 10/12
  1487 | D        | Bought 3 potions of heal wounds for 105 gold pieces
  1487 | D        | Bought 3 potions of heal wounds for 105 gold pieces
  1488 | D        | Bought 3 potions of experience for 900 gold pieces
  1488 | D        | Bought 2 potions of experience for 600 gold pieces
  1488 | D        | Reached XP level 14. HP: 140/140 MP: 11/13
  1489 | D        | Reached XP level 15. HP: 149/149 MP: 11/14
  1490 | D        | Reached XP level 16. HP: 159/159 MP: 11/15
  1491 | D        | Reached XP level 17. HP: 169/169 MP: 11/16
  1492 | D        | Reached XP level 18. HP: 180/180 MP: 11/17
  1692 | D        | Round 11.
  1704 | D        | Gained mutation: You occasionally shout uncontrollably at
                  | your foes. [a shining eye]
  1796 | D        | Arena points: 6222 (+1540) [x14]
  1870 | D        | Round 12.
  2031 | D        | Arena points: 8022 (+1800) [x15]
  2055 | D        | Bought +0 gold dragon scales for 960 gold pieces
  2066 | D        | Round 13.
  2159 | D        | Arena points: 10310 (+2288) [x16]
  2209 | D        | Round 14.
  2215 | D        | Reached skill level 27 in Fighting
  2234 | D        | Arena points: 13404 (+3094) [x17]
  2270 | D        | Bought a +0 hand crossbow for 105 gold pieces
  2287 | D        | Bought a steaming tower shield for 332 gold pieces
  2287 | D        | Identified the +1 tower shield "Rerumn" {Rampage rF- Will+
                  | Str+3} (You bought it in a shop in the Dungeon)
  2294 | D        | Round 15.
  2303 | D        | Bought a potion of heal wounds for 80 gold pieces
  2303 | D        | Bought a phial of floods for 640 gold pieces
  2303 | D        | Bought a scroll of fear for 64 gold pieces
  2303 | D        | Bought a potion of curing for 48 gold pieces
  2303 | D        | Bought a potion of might for 64 gold pieces
  2331 | D        | Identified the +1 buckler "Voffet" {Rampage rF+ Regen+}
                  | (You found it in the Dungeon)
  2331 | D        | Arena points: 16539 (+3135) [x19]
  2338 | D        | Got an elven rune of Zot
  2362 | D        | Bought 3 potions of experience for 900 gold pieces
  2362 | D        | Bought a potion of experience for 300 gold pieces
  2362 | D        | Bought a potion of experience for 300 gold pieces
  2362 | D        | Reached XP level 19. HP: 207/207 MP: 18/18
  2363 | D        | Reached XP level 20. HP: 216/216 MP: 19/19
  2364 | D        | Reached XP level 21. HP: 224/224 MP: 20/20
  2365 | D        | Reached skill level 15 in Shields
  2365 | D        | Reached XP level 22. HP: 233/233 MP: 21/21
  2366 | D        | Reached XP level 23. HP: 240/240 MP: 22/22
  2367 | D        | Reached XP level 24. HP: 249/249 MP: 22/22
  2376 | D        | Bought 4 potions of curing for 84 gold pieces
  2376 | D        | Bought 4 potions of curing for 84 gold pieces
  2376 | D        | Bought 4 potions of curing for 84 gold pieces
  2376 | D        | Bought 3 potions of heal wounds for 105 gold pieces
  2376 | D        | Bought 3 potions of heal wounds for 105 gold pieces
  2376 | D        | Bought 3 potions of heal wounds for 105 gold pieces
  2376 | D        | Bought 3 potions of heal wounds for 105 gold pieces
  2384 | D        | Bought 3 potions of mutation for 168 gold pieces
  2384 | D        | Bought 2 potions of mutation for 112 gold pieces
  2384 | D        | Bought 2 potions of mutation for 112 gold pieces
  2384 | D        | Bought 4 potions of haste for 280 gold pieces
  2386 | D        | Lost mutation: Your spells are a little easier to cast, but
                  | a little less powerful. [potion of mutation]
  2386 | D        | Lost mutation: You occasionally shout uncontrollably at
                  | your foes. [potion of mutation]
  2386 | D        | Gained mutation: Your spells are a little harder to cast,
                  | but a little more powerful. [potion of mutation]
  2386 | D        | Gained mutation: You have a pair of large horns on your
                  | head. [potion of mutation]
  2516 | D        | Round 16.
  2632 | D        | Reached skill level 27 in Axes
  2690 | D        | Arena points: 21339 (+4800) [x20]
  2710 | D        | Round 17.
  2769 | D        | Arena points: 26694 (+5355) [x21]
  2784 | D        | Round 18.
  2824 | D        | Bought 6 potions of resistance for 420 gold pieces
  2824 | D        | Bought 5 potions of haste for 350 gold pieces
  2824 | D        | Bought 6 potions of resistance for 420 gold pieces
  2825 | D        | Bought a potion of might for 28 gold pieces
  2825 | D        | Bought 6 potions of resistance for 420 gold pieces
  2825 | D        | Bought 6 potions of resistance for 420 gold pieces
  2825 | D        | Bought 3 potions of mutation for 168 gold pieces
  2825 | D        | Bought 2 potions of mutation for 112 gold pieces
  2825 | D        | Bought a potion of mutation for 56 gold pieces
  2825 | D        | Bought 6 potions of might for 168 gold pieces
  2825 | D        | Bought 5 potions of haste for 350 gold pieces
  2825 | D        | Bought 4 potions of haste for 280 gold pieces
  2825 | D        | Bought 3 potions of haste for 210 gold pieces
  2825 | D        | Bought 6 potions of attraction for 126 gold pieces
  2917 | D        | Arena points: 33426 (+6732) [x22]
  2952 | D        | Bought the +11 Singing Sword {sonic wave} for 2200 gold
                  | pieces
  2952 | D        | Found the +11 Singing Sword {sonic wave}
  2975 | D        | Bought 5 scrolls of blinking for 375 gold pieces
  2991 | D        | Round 19.
  3044 | D        | Reached skill level 27 in Armour
  3127 | D        | Arena points: 40855 (+7429) [x23]
  3152 | D        | Round 20.
  3178 | D        | Arena points: 47355 (+6500) [x25]
  3183 | D        | Got a slimy rune of Zot
  3184 | D        | Reached XP level 25. HP: 177/257 MP: 16/22
  3198 | D        | Bought 4 scrolls of enchant armour for 300 gold pieces
  3198 | D        | Bought 4 scrolls of enchant armour for 300 gold pieces
  3198 | D        | Bought 8 scrolls of enchant weapon for 600 gold pieces
  3198 | D        | Bought a scroll of brand weapon for 95 gold pieces
  3216 | D        | Bought 4 scrolls of enchant armour for 300 gold pieces
  3216 | D        | Bought 4 scrolls of enchant armour for 300 gold pieces
  3216 | D        | Bought 4 scrolls of blinking for 300 gold pieces
  3216 | D        | Bought 3 scrolls of silence for 285 gold pieces
  3216 | D        | Bought 3 scrolls of blinking for 225 gold pieces
  3217 | D        | Bought a scroll of silence for 95 gold pieces
  3217 | D        | Bought 3 scrolls of silence for 285 gold pieces
  3217 | D        | Bought 3 scrolls of fog for 120 gold pieces
  3217 | D        | Bought 5 scrolls of blinking for 375 gold pieces
  3217 | D        | Bought 4 scrolls of blinking for 300 gold pieces
  3217 | D        | Bought 3 scrolls of blinking for 225 gold pieces
  3217 | D        | Bought 4 scrolls of fog for 160 gold pieces
  3356 | D        | Round 21.
  3453 | D        | Arena points: 56091 (+8736) [x26]
  3500 | D        | Round 22.
  3546 | D        | Reached skill level 27 in Shields
  3615 | D        | Reached skill level 15 in Dodging
  3652 | D        | Arena points: 66783 (+10692) [x27]
  3673 | D        | Bought a potion of heal wounds for 95 gold pieces
  3673 | D        | Bought a potion of mutation for 152 gold pieces
  3673 | D        | Bought a potion of mutation for 152 gold pieces
  3673 | D        | Bought a potion of mutation for 152 gold pieces
  3673 | D        | Bought a potion of heal wounds for 95 gold pieces
  3673 | D        | Bought a potion of enlightenment for 95 gold pieces
  3675 | D        | Bought a glowing eveningstar for 756 gold pieces
  3690 | D        | Round 23.
  3744 | D        | Arena points: 77731 (+10948) [x28]
  3765 | D        | Round 24.
  3785 | D        | Reached XP level 26. HP: 240/266 MP: 5/22
  3878 | D        | Arena points: 90259 (+12528) [x29]
  3928 | D        | Round 25.
  3972 | D        | Noticed Mara
  3980 | D        | Noticed rocky1's illusion
  3989 | D        | Killed Mara
  3989 | D        | Arena points: 101884 (+11625) [x31]
  3991 | D        | Got a silver rune of Zot
  4079 | D        | Bought 5 potions of haste for 1000 gold pieces
  4079 | D        | Bought 5 potions of haste for 1000 gold pieces
  4079 | D        | Bought 5 potions of heal wounds for 500 gold pieces
  4079 | D        | Bought 5 potions of heal wounds for 500 gold pieces
  4079 | D        | Bought a quad damage for 400 gold pieces
  4079 | D        | Bought a quad damage for 400 gold pieces
  4079 | D        | Bought a quad damage for 400 gold pieces
  4088 | D        | Bought an ichor-stained cloak for 484 gold pieces
  4088 | D        | Identified the +0 cloak "Kekosal" {rF- rN+ Dex+2 SInv} (You
                  | bought it in a shop in the Dungeon)
  4186 | D        | Round 26.
  4261 | D        | Paralysed by a floating eye for 2 turns
  4297 | D        | Paralysed by a floating eye for 3 turns
  4304 | D        | Reached skill level 27 in Dodging
  4305 | D        | Reached skill level 5 in Long Blades
  4310 | D        | Arena points: 113532 (+11648) [x32]
  4358 | D        | Bought a masterwork kite shield for 370 gold pieces
  4358 | D        | Identified the +6 kite shield of Cagh {rPois Int-5 Dex+8
                  | SInv} (You bought it in a shop in the Dungeon)
  4369 | D        | Round 27.
  4388 | D        | Reached skill level 1 in Spellcasting
  4412 | D        | Reached skill level 5 in Evocations
  4422 | D        | Reached skill level 10 in Long Blades
  4440 | D        | Reached skill level 5 in Spellcasting
  4451 | D        | Found the +4 dragonskin cloak
  4451 | D        | Noticed Tiamat
  4464 | D        | Killed Tiamat
  4493 | D        | Reached skill level 10 in Evocations
  4495 | D        | Arena points: 128679 (+15147) [x33]
  4604 | D        | Bought a brightly glowing plate armour for 924 gold pieces
  4604 | D        | Identified the +0 plate armour of Decompression {rF++} (You
                  | bought it in a shop in the Dungeon)
  4604 | D        | Bought a polished scale mail for 297 gold pieces
  4604 | D        | Identified the +1 scale mail "Cocepsek" {rPois Will- Dex+3
                  | Stlth+} (You bought it in a shop in the Dungeon)
  4604 | D        | Bought an ichor-stained scale mail for 297 gold pieces
  4604 | D        | Identified the +1 scale mail of Uskayaw {Str+3} (You bought
                  | it in a shop in the Dungeon)
  4604 | D        | Bought a pair of glowing gloves for 247 gold pieces
  4604 | D        | Bought a blackened scale mail for 297 gold pieces
  4604 | D        | Identified the +0 scale mail "Earthly Heaven" {rCorr} (You
                  | bought it in a shop in the Dungeon)
  4695 | D        | Round 28.
  4698 | D        | Noticed a juggernaut
  4698 | D        | a juggernaut changed into a shard shrike
  4698 | D        | Noticed a juggernaut
  4699 | D        | a juggernaut changed into a rockslime
  4699 | D        | a titan changed into a juggernaut
  4699 | D        | Noticed a juggernaut (glowing shapeshifter)
  4699 | D        | a rockslime changed into a juggernaut
  4699 | D        | Noticed a juggernaut (glowing shapeshifter)
  4703 | D        | Noticed a juggernaut
  4704 | D        | a shard shrike changed into a juggernaut
  4704 | D        | Noticed a juggernaut (glowing shapeshifter)
  4704 | D        | a juggernaut changed into a shard shrike
  4705 | D        | Reached skill level 15 in Long Blades
  4706 | D        | a juggernaut changed into an iron giant
  4707 | D        | a juggernaut changed into a titan
  4707 | D        | a shard shrike changed into a juggernaut
  4707 | D        | Noticed a juggernaut (glowing shapeshifter)
  4708 | D        | a juggernaut changed into a shard shrike
  4708 | D        | a juggernaut changed into a titan
  4720 | D        | Reached skill level 10 in Spellcasting
  4732 | D        | Arena points: 142959 (+14280) [x34]
  4792 | D        | Round 29.
  4897 | D        | Reached skill level 15 in Evocations
  4920 | D        | Arena points: 165289 (+22330) [x35]
  4959 | D        | Reached XP level 27. HP: 273/273 MP: 38/38
  4963 | D        | Round 30.
  4963 | D        | Noticed Mnoleg
  4966 | D        | Gained mutation: Your mind is acute. (Int +4, Str/Dex -1)
                  | [Mnoleg's mutagenic touch]
  4982 | D        | Killed Mnoleg
  4982 | D        | Arena points: 183049 (+17760) [x37]
  4991 | D        | Got a glowing rune of Zot
  5043 | D        | Bought a potion of haste for 190 gold pieces
  5049 | D        | Bought a potion of curing for 129 gold pieces
  5049 | D        | Bought a scroll of blinking for 322 gold pieces
  5049 | D        | Bought a fizzy clear potion for 38 gold pieces
  5157 | D        | Round 31.
  5330 | D        | Arena points: 206609 (+23560) [x38]
  5346 | D        | Round 32.
  5521 | D        | Reached skill level 15 in Spellcasting
  5524 | D        | Arena points: 229073 (+22464) [x39]
  5543 | D        | Round 33.
  5586 | D        | Noticed Gloorx Vloq
  5601 | D        | Killed Gloorx Vloq
  5601 | D        | Identified the +2 pair of boots of Protective Custody
                  | {Str+7} (You found it in the Dungeon)
  5601 | D        | Arena points: 252074 (+23001) [x41]
  5609 | D        | Got a dark rune of Zot
  5610 | D        | Upgraded the game from 0.31-a0-210-gccc998df9b to
                  | 0.31-a0-217-g58bb5d79cf
  5661 | D        | Bought a potion of might for 80 gold pieces
  5661 | D        | Bought a potion of might for 80 gold pieces
  5661 | D        | Bought a potion of mutation for 160 gold pieces
  5661 | D        | Bought a potion of heal wounds for 100 gold pieces
  5702 | D        | Bought a book of Minor Magic for 126 gold pieces
  5702 | D        | Bought Ozocubu's Autobiography for 168 gold pieces
  5702 | D        | Bought a book of Blasting for 280 gold pieces
  5702 | D        | Bought a book of the Moon for 280 gold pieces
  5702 | D        | Bought a book of Chaos for 350 gold pieces
  5702 | D        | Bought a book of Power for 294 gold pieces
  5702 | D        | Bought a Necronomicon for 392 gold pieces
  5702 | D        | Bought a Grand Grimoire for 238 gold pieces
  5702 | D        | Bought a book of Annihilations for 420 gold pieces
  5702 | D        | Bought a book of Burglary for 140 gold pieces
  5702 | D        | Bought a book of the Earth for 350 gold pieces
  5702 | D        | Bought a book of Displacement for 154 gold pieces
  5702 | D        | Bought a book of the Sky for 238 gold pieces
  5702 | D        | Bought a book of Death for 308 gold pieces
  5702 | D        | Bought a book of Hexes for 252 gold pieces
  5702 | D        | Bought a book of Spatial Translocations for 126 gold pieces
  5702 | D        | Bought a book of the Wilderness for 266 gold pieces
  5712 | D        | Learned a level 8 spell: Lehudib's Crystal Spear
  5720 | D        | Learned a level 7 spell: Spellforged Servitor
  5801 | D        | Round 34.
  5802 | D        | Noticed an orb of fire
  5803 | D        | Noticed an orb of fire
  5804 | D        | Gained mutation: You have hidden genetic defects. [an orb
                  | of fire]
  5808 | D        | Gained mutation: You occasionally lose the ability to drink
                  | potions when taking damage. [an orb of fire]
  5812 | D        | Noticed an orb of fire
  5813 | D        | Noticed an orb of fire
  5816 | D        | HP: 17/409 [??? (12)]
  5818 | D        | Noticed an orb of fire
  5819 | D        | Killed an orb of fire
  5820 | D        | Reached skill level 27 in Long Blades
  5820 | D        | Noticed an orb of fire
  5820 | D        | HP: 2/409 [orb of fire/fireball (11)]
  5821 | D        | Killed from afar by an orb of fire

Illustrated notes

Levels and vault maps discovered:
D:        arena_sprint

Skill      XL: |  1  2  3  4  5  6  7  8  9 10 11 12 13 14 15 16 17 18 19 20 21 22 23 24 25 26 27 |
---------------+----------------------------------------------------------------------------------+-----
Fighting       | 3 4 5 8 10 11 13 14 16 17 18 19 20 27 | 27.0
Axes           | 5 7 8 9 11 13 15 16 17 20 24 27 | 27.0
Dodging        | 5 6 7 8 9 10 11 12 20 27 | 27.0
Throwing       | 3 4 |  4.7
Evocations     | 1 15 21 | 21.3
Armour         | 1 4 7 9 11 12 16 17 27 | 27.0
Shields        | 2 4 5 6 7 10 11 12 13 14 15 16 17 22 27 | 27.0
Long Blades    | 21 27 | 27.0
Spellcasting   | 12 16 | 16.7
Stealth        | |  0.2

Action                     |  1- 3 |  4- 6 |  7- 9 | 10-12 | 13-15 | 16-18 | 19-21 | 22-24 | 25-27 || total
---------------------------+-------+-------+-------+-------+-------+-------+-------+-------+-------++-------
  Melee: War axe           |     8 |    43 |    69 |       |       |       |       |       |       ||   120
         Headbutt          |     3 |     8 |    20 |    29 |       |    41 |       |    64 |   150 ||   315
         Broad axe         |       |       |       |   104 |       |   122 |       |   185 |   335 ||   746
         Double sword      |       |       |       |       |       |       |       |       |   157 ||   157
  Throw: Throwing net      |     2 |     1 |       |       |       |       |       |       |       ||     3
 Invoke: Call Merchant     |       |       |       |       |       |     3 |       |     1 |    10 ||    14
         Potion Petition   |       |       |       |       |       |       |       |       |     1 ||     1
  Evoke: Wand              |     3 |     2 |     5 |       |       |       |       |       |       ||    10
    Use: Potion            |       |     3 |    14 |     6 |     3 |     3 |     3 |     5 |    10 ||    47
         Scroll            |       |       |       |    10 |       |       |       |       |    22 ||    32
   Stab: Invisible         |       |     1 |       |       |       |       |       |       |       ||     1
         Distracted        |       |       |       |     1 |       |     2 |       |     1 |     2 ||     6
 Armour: Scale mail        |       |    10 |     5 |       |       |       |       |       |       ||    15
         Plate armour      |       |       |     2 |    54 |       |     9 |       |       |       ||    65
         Gold dragon scale |       |       |       |       |       |    31 |       |    67 |   272 ||   370
  Dodge: Dodged            |     2 |    13 |    24 |    57 |       |    33 |       |    39 |   233 ||   401
  Block: Kite shield       |       |     9 |       |       |       |       |       |       |   138 ||   147
         Buckler           |       |     1 |     7 |    40 |       |    36 |       |    52 |   184 ||   320
         Reflection        |       |       |       |       |       |       |       |       |     2 ||     2

Table legend: (Time is in decaauts)
 A = Elapsed time spent in this place.
 B = Non-inter-level travel time spent in this place.
 C = Inter-level travel time spent in this place.
 D = Time resting spent in this place.
 E = Time spent auto-exploring this place.
 F = Levels seen in this place.
 G = Mean time per level.
                   A        B        C        D        E       F      G
               +--------+--------+--------+--------+--------+-----+--------+
         Total |   5617 |   5605 |     12 |   1123 |    483 |   1 | 5617.0 |
       Dungeon |   5617 |   5605 |     12 |   1123 |    483 |   1 | 5617.0 |
               +--------+--------+--------+--------+--------+-----+--------+

Top non-repeatable levels by time:
       D: 5617 daAuts
